 Dungeon Sprint DCSS version 0.17-a0-1954-g0dddeaa (webtiles) character file.

333 kosy22 the Grappler (level 6, -9/67 HPs)
             Began as a Troll Monk on Oct 3, 2015.
             Mangled by a wight
             ... wielding a cursed +0 battleaxe
              (15 damage)
             ... in the Dungeon (Sprint IX: "|||||||||||||||||||||||||||||").
             The game lasted 00:00:12 (109 turns).

kosy22 the Grappler (Troll Monk)                     Turns: 109, Time: 00:00:12

Health: -9/67      AC:  5    Str: 22    XL:     6   Next: 27%
Magic:  0/5        EV: 12    Int:  6    God:
Gold:   0          SH:  0    Dex: 12    Spells: 0 memorised, 5 levels left

rFire  . . .     SeeInvis .       - Unarmed
rCold  . . .     Clarity  .     a - +0 robe
rNeg   . . .     SustAt   .     (no shield)
rPois  .         Gourm    +     (helmet restricted)
rElec  .         Spirit   .     (no cloak)
rCorr  .         Warding  .     (gloves unavailable)
rMut   .         NoTele   +     (boots unavailable)
MR     .....                    (no amulet)
Stlth  +.........               (no ring)
                                (no ring)

@: drained, not resistant to hostile enchantments, very unstealthy
A: unfitting armour, claws 3, fast metabolism 3, gourmand, regeneration 2,
shaggy fur 1, tough skin 2
a: no special abilities


You were in the Dungeon.
You were not hungry.

You visited 1 branch

Inventory:

Armour
 a - a +0 robe (worn)
Jewellery
 m - a +2 ring of protection
 n - a +2 ring of evasion
Magical devices
 l - a wand of fire (7)
Scrolls
 h - 2 scrolls of blinking
 j - 3 scrolls of remove curse
 k - 2 scrolls of amnesia
Potions
 c - 5 potions of curing
 d - 3 potions of heal wounds
 e - a potion of haste
 f - 4 potions of magic
 g - a potion of berserk rage
 i - a potion of invisibility
Comestibles
 b - 2 bread rations


   Skills:
 + Level 5.7(5.0) Fighting
 + Level 6.4(5.6) Dodging
 + Level 1.5(0.8) Stealth
 + Level 10.1(9.3) Unarmed Combat


You had 5 spell levels left.
You didn't know any spells.

Dungeon Overview and Level Annotations

Branches:
Dungeon (1/1)

Altars:
Cheibriados
Dithmenos
Elyvilon
Fedhas
Gozag
Kikubaaqudgha
Makhleb
Nemelex Xobeh
Okawaru
Qazlal
Ru
Sif Muna
Trog
Vehumet
Xom
Yredelemnul
Zin
The Shining One
Beogh
Jiyva
Lugonu


Innate Abilities, Weirdness & Mutations

You are too large for most types of armour.
You have claws for hands.
Your metabolism is lightning-fast.
You like to eat raw meat.
You heal very quickly.
You are covered in fur (AC +1).
You have very tough skin (AC +2).


Message History

You scratch the wight but do no damage. Your claw misses the wight.
The wight misses you.
You scratch the wight. You claw the wight.
The wight is moderately damaged.
You closely miss the wight.
The wight is moderately damaged.
The wight hits you with a battleaxe!
* * * LOW HITPOINT WARNING * * *
You feel drained.
* * * LOW HITPOINT WARNING * * *
You scratch the wight but do no damage.
The wight is moderately damaged.
You scratch the wight.
The wight is heavily damaged.
The wight hits you with a battleaxe!
* * * LOW HITPOINT WARNING * * *
You scratch the wight.
The wight is severely damaged.
The wight hits you with a battleaxe!
You die...

▓.▓
▓|▓
▓)▓
▓[▓
▓[▓
▓[▓
▓.▓
▓.▓
▓@▓
▓z▓
▓a▓
▓a▓
▓z▓
▓.▓
▓.▓
▓+▓


You could see 2 worker ants and 2 wights.

Vanquished Creatures
  An orc warrior (D)
  An eye of draining (D)
  A centaur (D)
  A crimson imp (D)
  2 adders (D)
  A giant gecko (D)
  A bat (D)
  2 giant cockroaches (D)
  A giant newt (D)
  A goblin (D)
12 creatures vanquished.

Notes
Turn   | Place    | Note
--------------------------------------------------------------
     0 | D        | kosy22 the Troll Monk began the quest for the Orb.
     0 | D        | Reached XP level 1. HP: 22/22 MP: 0/0
    18 | D        | Noticed a crimson imp
    18 | D        | Noticed a centaur
    30 | D        | Killed a crimson imp
    30 | D        | Reached skill level 6 in Unarmed Combat
    30 | D        | Reached XP level 2. HP: 29/31 MP: 1/1
    30 | D        | Reached XP level 3. HP: 34/37 MP: 2/2
    47 | D        | Killed a centaur
    47 | D        | Reached skill level 5 in Dodging
    47 | D        | Reached skill level 8 in Unarmed Combat
    47 | D        | Reached XP level 4. HP: 20/49 MP: 3/3
    47 | D        | Reached XP level 5. HP: 22/55 MP: 4/4
    53 | D        | Found a glowing silver altar of Zin.
    53 | D        | Found a glowing golden altar of the Shining One.
    53 | D        | Found an ancient bone altar of Kikubaaqudgha.
    53 | D        | Found a basalt altar of Yredelemnul.
    53 | D        | Found a shimmering altar of Xom.
    53 | D        | Found a radiant altar of Vehumet.
    54 | D        | Found an iron altar of Okawaru.
    55 | D        | Found a burning altar of Makhleb.
    56 | D        | Found a deep blue altar of Sif Muna.
    57 | D        | Found a bloodstained altar of Trog.
    58 | D        | Found a sparkling altar of Nemelex Xobeh.
    59 | D        | Found a white marble altar of Elyvilon.
    60 | D        | Found a roughly hewn altar of Beogh.
    61 | D        | Found a viscous altar of Jiyva.
    62 | D        | Found a corrupted altar of Lugonu.
    63 | D        | Found a blossoming altar of Fedhas.
    64 | D        | Found a snail-covered altar of Cheibriados.
    65 | D        | Found a shadowy altar of Dithmenos.
    66 | D        | Found a stormy altar of Qazlal.
    67 | D        | Found an opulent altar of Gozag.
    68 | D        | Found a sacrificial altar of Ru.
    92 | D        | Noticed an orc warrior
    92 | D        | Noticed an eye of draining
    92 | D        | Noticed a wight
    92 | D        | Noticed a worker ant
    92 | D        | Noticed a worker ant
    92 | D        | Noticed a wight
    96 | D        | Killed an orc warrior
    96 | D        | Reached skill level 5 in Fighting
    96 | D        | Reached skill level 9 in Unarmed Combat
   100 | D        | Killed an eye of draining
   100 | D        | Reached skill level 10 in Unarmed Combat
   100 | D        | Reached XP level 6. HP: 40/67 MP: 0/5
   109 | D        | Mangled by a wight

Vault maps used:
D:        linesprint

Action                   |  1- 3 |  4- 6 || total
-------------------------+-------+-------++-------
Melee: Unarmed           |    35 |    16 ||    51
